 Dungeon Crawl Stone Soup version 0.20.1-1-g8b1a95d (webtiles) character file.

256 equalderp2856 the Skirmisher (level 5, -2/41 HPs)
             Began as a Mummy Fighter on Oct 25, 2017.
             Slain by a gnoll
             ... wielding a +0 whip
              (6 damage)
             ... on level 5 of the Dungeon.
             The game lasted 00:04:05 (2726 turns).

equalderp2856 the Skirmisher (Mummy Fighter)        Turns: 2726, Time: 00:04:05

Health: -2/41      AC: 10    Str: 19    XL:     5   Next: 92%
Magic:  5/5        EV:  7    Int:  9    God:
Gold:   170        SH:  9    Dex: 11    Spells: 4/4 levels left

rFire    x . .     SeeInvis .   a - +0 war axe
rCold    + . .     Gourm    .   c - +0 shield
rNeg     + + +     Faith    .   b - +0 scale mail
rPois    ∞         Spirit   .   (no helmet)
rElec    .         Reflect  .   (no cloak)
rCorr    .         Harm     .   i - +2 pair of gloves
MR       .....                  (no boots)
Stlth    ..........             (no amulet)
Regen    0.2/turn               (no ring)
MPRegen  0.1/turn               (no ring)

@: no status effects
A: no food or potions, fire vulnerability, cold resistance 1, negative energy
resistance 3, torment resistance, unbreathing
a: no special abilities


You were on level 5 of the Dungeon.
You were not hungry.

You visited 1 branch of the dungeon, and saw 6 of its levels.

You collected 170 gold pieces.

Inventory:

Hand Weapons
 a - a +0 war axe (weapon)
Armour
 b - a +0 scale mail (worn)
 c - a +0 shield (worn)
 i - a +2 pair of gloves (worn)
Wands
 m - a wand of confusion (0/48)
 o - a wand of confusion (8/48)
Scrolls
 d - 2 scrolls of immolation {unknown}
 e - 3 scrolls of remove curse {unknown}
 f - a scroll of enchant weapon {unknown}
 g - a scroll of amnesia {unknown}
 h - 2 scrolls of enchant armour {unknown}
 j - a scroll of identify {unknown}
 k - 2 scrolls of fear {unknown}
 l - a scroll of magic mapping {unknown}
Books
 n - a book of Minor Magic

   Spells                             Type                      Level
   a - Magic Dart                     Conjuration                  1
   b - Blink                          Translocation                2
   c - Call Imp                       Summoning                    2
   d - Slow                           Hexes                        2
   e - Conjure Flame                  Conjuration/Fire             3
   f - Mephitic Cloud                 Conjuration/Poison/Air       3


   Skills:
 + Level 3.6 Fighting
 + Level 3.0 Axes
 + Level 3.3 Armour
 + Level 1.1 Dodging
 + Level 0.8 Stealth
 + Level 3.2 Shields
 + Level 0.7 Evocations


You had 4 spell levels left.
You didn't know any spells.

Dungeon Overview and Level Annotations

Branches:
Dungeon (6/15)
 Temple: D:4-7

Altars:
Elyvilon
Hepliaklqana
Okawaru
The Shining One


Innate Abilities, Weirdness & Mutations

You do not eat or drink.
Your flesh is vulnerable to fire.
You are immune to poison.
Your flesh is cold resistant. (rC+)
You are immune to negative energy. (rN+++)
You are immune to unholy pain and torment.
You can survive without breathing.


Message History

The worker ant zombie waves its antennae.
Evoke which item? (* to show all) (? for menu, Esc to quit)
Aiming: Confuse (will waste charges)
Press: ? - help, Shift-Dir - straight line, f/p - adder
Aim: an adder (almost dead, chance to defeat MR: 56%)
The adder appears confused.
Evoking this partially-identified wand wasted a few charges.
The adder bites the iguana but does no damage.
You open the door. 4 gnolls come into view.
The gnoll shouts! x3; You hear a shout! x2
A gnoll comes into view. It is wielding a flail.
A gnoll shaman comes into view. It is wielding a club.
The gnoll shaman shouts!
The adder bites the iguana but does no damage.
You block the gnoll's attack. The gnoll hits you but does no damage.
Found 19 arrows.
There is an open door here.
The adder bites the iguana.
The gnoll hits you with a whip.
You die...

... ..... #########
..... .....(..# #...
........# #... .....g.g#
#...
......gg#############...
......gg'.SlZ.....†.'...
.......@#############...
........+ +... ........#
#... ........# ####
#####+#.# #.# #.# #.#


You could see a gnoll shaman, an iguana, 5 gnolls, an adder (confused) and a
worker ant zombie.

Vanquished Creatures
  A necrophage (D:5)
  Blork the orc (D:4)
  A centaur skeleton (D:5)
  2 adders
  A worm (D:5)
  3 leopard geckos
  A ball python (D:1)
  9 bats
  3 giant cockroaches (D:1)
  2 goblins (D:3)
  8 hobgoblins
  3 jackals (D:2)
  2 quokkas
  4 frilled lizards
  7 kobolds
  5 rats
53 creatures vanquished.

Notes
Turn   | Place    | Note
-------+----------+-------------------------------------------
     0 | D:1      | equalderp2856 the Mummy Fighter began the quest for the Orb.
     0 | D:1      | Reached XP level 1. HP: 18/18 MP: 1/1
   617 | D:1      | Reached XP level 2. HP: 24/24 MP: 2/2
  1241 | D:2      | Reached XP level 3. HP: 22/29 MP: 3/3
  1895 | D:3      | Found a glowing golden altar of the Shining One.
  2139 | D:3      | Reached XP level 4. HP: 29/35 MP: 4/4
  2404 | D:3      | Found a hazy altar of Hepliaklqana.
  2404 | D:3      | Found a white marble altar of Elyvilon.
  2405 | D:3      | Found an iron altar of Okawaru.
  2503 | D:4      | Noticed Blork the orc
  2516 | D:4      | Killed Blork the orc
  2619 | D:4      | You fall through a shaft for 2 floors!
  2619 | D:6      | Noticed a bullfrog
  2652 | D:5      | Entered Level 5 of the Dungeon
  2671 | D:5      | Reached XP level 5. HP: 18/41 MP: 5/5
  2691 | D:5      | Noticed a necrophage
  2706 | D:5      | Killed a necrophage
  2706 | D:5      | Reached skill level 1 in Dodging
  2726 | D:5      | Slain by a gnoll

Skill      XL: |  1  2  3  4  5 |
---------------+----------------+-----
Axes           | 2 3 |  3.0
Armour         | 3 |  3.3
Shields        | 3 |  3.2
Dodging        | 1 |  1.1
Fighting       | |  3.6
Stealth        | |  0.8
Evocations     | |  0.7

Action                   |  1- 3 |  4- 6 || total
-------------------------+-------+-------++-------
Melee: War axe           |   185 |    74 ||   259
Evoke: Wand              |       |    13 ||    13
 Stab: Confused          |       |     3 ||     3
Armor: Scale mail        |   129 |    57 ||   186
Dodge: Dodged            |    87 |    30 ||   117
Block: Shield            |   129 |    53 ||   182
